 Dungeon Crawl Stone Soup version 0.28.0-43-g3370ac3207 (webtiles) character file.

Game seed: 13994828503434537107

102 Zeld the Insei (level 4, 0/29 HPs)
             Began as an Octopode Transmuter on Mar 28, 2022.
             Slain by a shadow imp (1 damage)
             ... summoned by Eustachio
             ... on level 3 of the Dungeon.
             The game lasted 00:03:19 (5236 turns).

Zeld the Insei (Octopode Transmuter)                Turns: 5236, Time: 00:03:19

Health: 0/29       AC:  2    Str: 11    XL:     4   Next: 77%
Magic:  15/17      EV: 19    Int: 15    God:
Gold:   93         SH:  0    Dex: 17    Spells: 3/9 levels left

rFire   . . .      SeeInvis .     - Unarmed
rCold   . . .      Faith    .   (shield currently unavailable)
rNeg    . . .      Spirit   .   (helmet currently unavailable)
rPois   x          Reflect  .   (no amulet)
rElec   .          Harm     .   e - ring of magical power
rCorr   .          Rampage  .   (no ring)
Will    .....                   (no ring)
Stlth   ++........              (no ring)
HPRegen 0.09/turn               (no ring)
MPRegen 0.15/turn               (no ring)
                                (no ring)
                                (no ring)

@: spider-form (expiring)
A: venomous fangs, almost no armour, (amphibious), 8 rings, tiny, (camouflage
1), (gelatinous body 1), (nimble swimmer 1), (tentacles)
a: End Transformation


You were on level 3 of the Dungeon.
You were a venomous arachnid creature.
You visited 1 branch of the dungeon, and saw 4 of its levels.

You collected 93 gold pieces.

Inventory:

Hand Weapons
 m - the +8 dagger of Gohuem (melded) {venom, rCorr Int+3 Dex+2}
   (You found it on level 3 of the Dungeon)

   It poisons the flesh of those it strikes.
   Int:       It affects your intelligence (+3).
   Dex:       It affects your dexterity (+2).
   rCorr:     It protects you from acid and corrosion.
Jewellery
 e - a ring of magical power (left front leg)
Wands
 h - a wand of flame (17)
Scrolls
 a - a scroll of holy word {unknown}
 b - 4 scrolls of teleportation {unknown}
 d - a scroll of noise {unknown}
 i - a scroll of magic mapping {unknown}
 j - a scroll of enchant weapon {unknown}
 k - a scroll of amnesia {unknown}
 l - a scroll of identify {unknown}
 p - a scroll of vulnerability {unknown}
Potions
 c - a potion of mutation {unknown}
 f - a potion of magic {unknown}
 g - 3 potions of curing {unknown}
 n - a potion of haste {unknown}
 o - a potion of might {unknown}


   Skills:
 + Level 1.6 Fighting
 - Level 2.0 Dodging
 + Level 1.8 Stealth
 + Level 3.3 Unarmed Combat
 * Level 3.0 Spellcasting
 * Level 3.0 Transmutations


You had 3 spell levels left.
You knew the following spells:

 Your Spells              Type           Power      Damage    Failure   Level
a - Beastly Appendage     Tmut           22%        N/A       17%         1
b - Wereblood             Tmut           11%        N/A       22%         2
c - Spider Form           Tmut/Pois      6%         N/A       54%         3

Your spell library contained the following spells:

 Spells                   Type           Power      Damage    Failure   Level
 Gell's Gravitas          Tloc           2%         N/A       73%         3
 Lesser Beckoning         Tloc           2%         N/A       73%         3
 Teleport Other           Tloc           2%         N/A       73%         3
 Ice Form                 Ice/Tmut       6%         N/A       87%         4
 Iskenderun's Mystic Bla  Conj/Tloc      2%         2d3       97%         4
 Iskenderun's Battlesphe  Conj           2%         2d6       100%        5
 Fire Storm               Conj/Fire      1%         7d1       100%        9


Dungeon Overview and Level Annotations

Branches:
Dungeon (4/15)
 Temple: D:4-7

Altars:
Cheibriados

Annotations:
D:3 Eustachio


Innate Abilities, Weirdness & Mutations

You are a venomous arachnid creature.
You have poisonous fangs.
You are tiny and dextrous.
Your spellcasting is less reliable in this form.
Your armour is entirely melded.
You are incapable of wielding weapons or throwing items.
You cannot wear most types of armour.
((You are amphibious.))
You can wear up to eight rings at the same time.
((Your skin changes colour to match your surroundings (Stealth+).))
((Your rubbery body absorbs attacks. (AC +1, EV +1)))
((You are camouflaged when in or above water. (Stealth+)))
((You have tentacles for arms and can constrict up to eight enemies at once.))


Message History

Level annotation: Eustachio
There is a stone staircase leading down here.
Casting: Spider Form (quite dangerous; 26% risk of failure)
Confirm with . or Enter, or press ? or * to list all spells.
The spell is quite dangerous to miscast (26% risk of failure)!
Continue anyway?
You turn into a venomous arachnid creature.
The +8 dagger of Gohuem {venom, rCorr Int+3 Dex+2} melds into your body.
The +8 dagger of Gohuem {venom, rCorr Int+3 Dex+2} stops dripping with poison.
Eustachio casts a spell.
Eustachio blinks!
No target in view!
No target in view!
You closely miss Eustachio.
Eustachio is moderately wounded.
Eustachio hits you with a +1 vorpal falchion!
You hit Eustachio but do no damage.
Eustachio is poisoned.
Eustachio is moderately wounded.
Eustachio hits you with a +1 vorpal falchion!
You are too injured to fight recklessly!
You hit Eustachio but do no damage.
Eustachio is moderately wounded.
Eustachio gestures wildly while chanting.
Eustachio hits you with a +1 vorpal falchion.
* * * LOW HITPOINT WARNING * * *
x2 The shadow imp misses you.
You hit the shadow imp.
The shadow imp is heavily wounded.
Your transformation is almost over.
Eustachio mumbles some strange words.
Eustachio blinks!
The shadow imp barely misses you.
Unknown command.
You hit the shadow imp but do no damage.
The shadow imp is heavily wounded.
Eustachio hits you with a +1 vorpal falchion.
* * * LOW HITPOINT WARNING * * *
x2 Unknown command.
You completely miss the shadow imp.
The shadow imp is heavily wounded.
The shadow imp hits you.
You die...

###......#####.........
#.....##.#..#≈.......##
#######.....##.#.##≈♣...##...
#..........r..@..##≈....##..#
#.#####...r.##....##.......##
#.# #..r..#####..##..)....#
#####.#
###.######...#####.##..
......# #.##.@).....###...#..
####### #.##s###............#
####### #.##5# ##.#####...###
......#######.##.#
#............
#####.#........>.#
#..#####.#### #.#.#####.####
#..# #.# #.#.# ##.# #..# #.#
#.#.# #..# #..########## ##
#.#)# #.## #...##8.....8 .#
#.#)# #.# ##.##........


You could see Eustachio (very poisoned) and a shadow imp (summoned).

Vanquished Creatures
  2 adders
  A worm (D:2)
  4 dart slugs
  6 orcs (D:3)
  5 ball pythons
  6 bats
  7 endoplasms
  3 giant cockroaches
  4 goblins
  7 hobgoblins
  2 jackals (D:3)
  2 quokkas (D:3)
  5 frilled lizards
  5 kobolds
  2 rats
61 creatures vanquished.

Notes
Turn   | Place    | Note
-------+----------+-------------------------------------------
     0 | D:1      | Zeld the Octopode Transmuter began the quest for the Orb.
     0 | D:1      | Reached XP level 1. HP: 13/13 MP: 3/3
   429 | D:1      | Reached XP level 2. HP: 16/18 MP: 3/5
   468 | D:1      | Found a faded altar of an unknown god.
   472 | D:1      | Learned a level 2 spell: Wereblood
  1627 | D:2      | Reached skill level 1 in Stealth
  1627 | D:2      | Reached XP level 3. HP: 3/23 MP: 2/6
  1952 | D:2      | Got the Almanac of Battle Magic
  2307 | D:2      | Found a snail-covered altar of Cheibriados.
  2352 | D:2      | Reached XP level 4. HP: 21/28 MP: 6/8
  2439 | D:2      | Learned a level 3 spell: Spider Form
  3081 | D:3      | Identified the +8 dagger of Gohuem {venom, rCorr Int+3
                  | Dex+2}
  3382 | D:3      | Found a snail-covered altar of Cheibriados.
  3847 | D:4      | Noticed Eustachio
  5235 | D:3      | HP: 1/29 [Eustachio/+1 vorpal falchion (2)]
  5236 | D:3      | Slain by a shadow imp

Illustrated notes

Levels and vault maps discovered:
D:1:      dpeg_arrival_circle_labyrinth_a, layout_basic,
          hellmonk_ecumenical_altar_zigzags
D:2:      layout_rooms, basic_altar
D:3:      layout_loops_ring, cheibriados_altar_1, kennysheep_donut,
          grunt_ministairs_2, kennysheep_nub
D:4:      layout_loops_ring, minmay_temple_entry_tees, uniq_eustachio

Skill      XL: |  1  2  3  4 |
---------------+-------------+-----
Stealth        | 1 |  1.8
Spellcasting   | 3 |  3.0
Transmutations | 3 |  3.0
Fighting       | |  1.6
Dodging        | |  2.0
Unarmed Combat | |  3.3

Action                   |  1- 3 |  4- 6 || total
-------------------------+-------+-------++-------
Melee: Unarmed           |    70 |    44 ||   114
       Kick              |    22 |     5 ||    27
       Tentacles         |    15 |     8 ||    23
       Constrict         |    19 |    10 ||    29
       Punch             |     2 |     2 ||     4
       Dagger            |       |    23 ||    23
 Cast: Beastly Appendage |    41 |    12 ||    53
       Spider Form       |       |     4 ||     4
       Wereblood         |       |     3 ||     3
Evoke: Wand              |       |     2 ||     2
 Stab: Sleeping          |     9 |     2 ||    11
Armor: Skin              |     6 |     2 ||     8
Dodge: Dodged            |    38 |    38 ||    76
